[Event "Late-Titled-Tuesday-Blitz-January-30-2024"]
[Site "Chess.com"]
[Date "2024.01.30"]
[Round "9"]
[White "pr1105"]
[Black "DonJuanEGenaro"]
[Result "0-1"]
[WhiteElo "2411"]
[BlackElo "2053"]
[TimeControl "180+1"]
[EndTime "15:43:22 PST"]
[Termination "DonJuanEGenaro won on time"]

1. e4 c5 2. Nf3 Nc6 3. Bb5 e6 4. Bxc6 bxc6 5. b3 d5 6. d3 Nf6 7.
Qe2 Ba6 8. Nbd2 Be7 9. Bb2 O-O 10.
g4 Nxg4 11. Rg1 f5 12. exf5 exf5 13. h3 Bf6 14. Qe6+ Kh8 15. Bxf6 Rxf6 16. Qe2 Qd6 17. O-O-O Re6 18. Qf1 Ne5 19. Ng5 Re7 20. f4 c4 21.
dxc4 Qa3+ 22. Kb1 dxc4 23. Nxc4 Nxc4 24. Qxc4 Bxc4 25. Rd4 Bd5 0-1

[Event "Late-Titled-Tuesday-Blitz-January-30-2024"]
[Site "Chess.com"]
[Date "2024.01.30"]
[Round "9"]
[White "KamlaPasand"]
[Black "PawnEatingZombie"]
[Result "0-1"]
[WhiteElo "2473"]
[BlackElo "2206"]
[TimeControl "180+1"]
[EndTime "15:43:23 PST"]
[Termination "PawnEatingZombie won by checkmate"]

1. e4 e6 2. d4 d5 3. exd5 exd5 4.
Nf3 Nf6 5. Bd3 Bd6 6. O-O O-O 7. h3 h6 8. Nc3 c6 9. Ne2 Qc7 10. c3 Re8 11. Be3 Nbd7 12. Qd2 Nf8 13. Bf4 Be6 14.
Bxd6 Qxd6 15. Nf4 b6 16. Ne5 c5 17. Rae1 c4 18. Bb1 b5 19. Re3 a5 20. Rg3 Kh8 21.
Re1 Ra7 22. Ree3 b4 23. Ref3 Ne4 24. Bxe4 dxe4 25. Nxe6 exf3 26. Nxg7 Rxe5 27. Kh2 Rg5 28. Ne8 Qb8 29. Nf6 Nh7 30. Nxh7 Kxh7 31. Qc2+ Kg7 32. gxf3 Qf4 33. Qe2 bxc3 34. bxc3 Rb7 35. Kg2 Rxg3+ 36. fxg3 Qf6 37. f4 Qc6+ 38. Kf2 Qe6 39. Qf1 Rb2+ 40. Kg1 Qe3+ 41. Kh1 Qe4+ 42. Kg1 Rb1 43. Kf2 Rxf1+ 44.
Kxf1 Qf3+ 45. Ke1 Qxc3+ 46. Ke2 Qd3+ 47. Kf2 c3 48. Kg2 c2 49. Kf2 c1=Q 50. Kg2 Qcc2+ 51.
Kg1 Qdd1# 0-1

[Event "Late-Titled-Tuesday-Blitz-January-30-2024"]
[Site "Chess.com"]
[Date "2024.01.30"]
[Round "9"]
[White "Ajedrecista3000"]
[Black "Cubitas"]
[Result "1/2-1/2"]
[WhiteElo "2608"]
[BlackElo "2724"]
[TimeControl "180+1"]
[EndTime "15:43:24 PST"]
[Termination "Game drawn by repetition"]

1. Nf3 Nf6 2. c4 g6 3. Nc3 Bg7 4. e4 d6 5. d4 O-O 6. Be2 e5 7. d5 a5 8. Bg5 h6 9. Be3 Ng4 10.
Bd2 f5 11. exf5 gxf5 12. h3 Nf6 13. Qc1 f4 14. g3 e4 15. Nh4 e3 16. fxe3 fxg3 17.
Ng6 g2 18. Rg1 Bxh3 19. Nf4 Ng4 20. Qc2 Qh4+ 21. Kd1 Rxf4 22. exf4 Qf2 23. Qg6 Qxg1+ 24. Kc2 Ne3+ 25. Kb3 Qxa1 26. Qe8+ Kh7 27. Bxe3 Bf5 28. Bg4 Bxg4 29. Qe4+ Kg8 30. Qe8+ Bf8 31. Qg6+ Bg7 32. Qe8+ Kh7 33. Qe4+ Bf5 34. Qxf5+ Kh8 35. Qc8+ Kh7 36. Qf5+ Kh8 37. Qc8+ Kh7 38. Qf5+ 1/2-1/2

[Event "Late-Titled-Tuesday-Blitz-January-30-2024"]
[Site "Chess.com"]
[Date "2024.01.30"]
[Round "9"]
[White "rhungaski"]
[Black "LittleChessFan"]
[Result "0-1"]
[WhiteElo "2493"]
[BlackElo "2317"]
[TimeControl "180+1"]
[EndTime "15:43:26 PST"]
[Termination "LittleChessFan won by resignation"]

1. e4 c5 2. Nf3 e6 3. d4 cxd4 4. Nxd4 Nf6 5. Nc3 Nc6 6. Ndb5 Bc5 7. Bf4 O-O 8. Bc7 Qe7 9. Bd6 Bxd6 10. Qxd6 Ne8 11. Qxe7 Nxe7 12. O-O-O f5 13. exf5 Nxf5 14. a4 a6 15. Na3 d5 16. g3 Ned6 17. Bh3 g5 18. Rhe1 Bd7 19. Bg4 Kg7 20. a5 Rac8 21. Nxd5 exd5 22. Rxd5 Bc6 23. Rde5 Rce8 24. c4 Rxe5 25.
Rxe5 Nh6 26. Rxg5+ Kf6 27. f4 Ndf7 28. h4 Nxg4 29. Rxg4 h5 30. Rg5 Nxg5 31. fxg5+ Kg6 32. Nc2 Rf3 33. Kd2 Rxg3 34. Ne3 Rh3 35. b4 Rxh4 36. b5 axb5 37. cxb5 Bxb5 38. Kc3 Rh3 39. Kd4 Rxe3 40. Kxe3 Kxg5 0-1

[Event "Late-Titled-Tuesday-Blitz-January-30-2024"]
[Site "Chess.com"]
[Date "2024.01.30"]
[Round "9"]
[White "C_K_G"]
[Black "Herman-NY"]
[Result "0-1"]
[WhiteElo "2196"]
[BlackElo "2489"]
[TimeControl "180+1"]
[EndTime "15:43:36 PST"]
[Termination "Herman-NY won by checkmate"]

1. e4 e5 2. Nf3 Nc6 3. Bc4 Nf6 4. Ng5 d5 5. exd5 Na5 6. Bb5+ c6 7. dxc6 bxc6 8. Qf3 Be7 9. Bxc6+ Nxc6 10. Qxc6+ Bd7 11.
Qc4 O-O 12. Nc3 Rc8 13. Qd3 h6 14. Nge4 Nxe4 15. Nxe4 Rc6 16. O-O Rg6 17. Re1 Qc7 18. f3 Rd8 19. Qc3 Qb8 20. a3 Bh3 21. Ng3 Qb6+ 22.
Kf1 Bc8 23. Qe3 Bc5 24. Qe2 h5 25. b4 Bd4 26. c3 Bg1 27. d3 Bxh2 28. Ne4 Qg1# 0-1

[Event "Late-Titled-Tuesday-Blitz-January-30-2024"]
[Site "Chess.com"]
[Date "2024.01.30"]
[Round "9"]
[White "TheAlienParty"]
[Black "sotochess"]
[Result "1-0"]
[WhiteElo "2395"]
[BlackElo "2529"]
[TimeControl "180+1"]
[EndTime "15:43:39 PST"]
[Termination "TheAlienParty won by resignation"]

1. c4 Nf6 2. Nc3 g6 3. g3 Bg7 4. Bg2 O-O 5. e3 Nc6 6. Nge2 d6 7. O-O Bf5 8. d3 Qd7 9. Nd5 Nxd5 10. cxd5 Nb4 11. e4 Bh3 12. Bxh3 Qxh3 13. Qb3 a5 14. a3 Na6 15. Qxb7 Nc5 16. Qb5 Rfb8 17. Qc4 Nb3 18. Rb1 Qd7 19. Be3 e6 20. dxe6 fxe6 21. Nf4 Kf7 22. d4 c6 23. d5 exd5 24. exd5 c5 25. Ne6 Kg8 26. Rfd1 Bh8 27. Rd3 a4 28. h4 Na5 29. Qc2 c4 30. Rdd1 Rb3 31.
Qe2 Rab8 32. Bd4 c3 33. Bxh8 Kxh8 34. h5 gxh5 35. Rbc1 cxb2 36. Rc7 Qxc7 37. Nxc7 b1=Q 38. Rxb1 Rxb1+ 39. Kg2 Nb3 40. Ne6 h4 41. Qe3 Rc8 42. Qg5 1-0

[Event "Late-Titled-Tuesday-Blitz-January-30-2024"]
[Site "Chess.com"]
[Date "2024.01.30"]
[Round "9"]
[White "BebeBonito2022"]
[Black "Zq1"]
[Result "0-1"]
[WhiteElo "2329"]
[BlackElo "2490"]
[TimeControl "180+1"]
[EndTime "15:43:40 PST"]
[Termination "Zq1 won by resignation"]

1. d4 Nf6 2. c4 a6 3. Nc3 c5 4. d5 b5 5. Nf3 b4 6. Na4 d6 7. Qc2 g6 8. e4 Bg7 9. Bd3 O-O 10. O-O Bd7 11. Rb1 Qa5 12. b3 Bxa4 13. bxa4 Nbd7 14. Re1 Ng4 15. Bb2 Bxb2 16. Rxb2 Nb6 17. h3 Ne5 18. Nxe5 dxe5 19. Qd2 Nxa4 20. Rf1 Nxb2 21. Qxb2 Qa3 22.
Qe2 Qc3 23. f4 f6 24. Rf3 Rab8 25. Bc2 Qa1+ 26. Kh2 Qxa2 27. Qd3 exf4 28. d6 b3 29. dxe7 bxc2 30.
exf8=Q+ Rxf8 31. Qd5+ Rf7 32. Rc3 f3 33. Qd2 c1=N 34.
Qxa2 Nxa2 0-1

[Event "Late-Titled-Tuesday-Blitz-January-30-2024"]
[Site "Chess.com"]
[Date "2024.01.30"]
[Round "9"]
[White "BardArtem"]
[Black "djano"]
[Result "1-0"]
[WhiteElo "2775"]
[BlackElo "2622"]
[TimeControl "180+1"]
[EndTime "15:43:43 PST"]
[Termination "BardArtem won by resignation"]

1. e4 c5 2. c3 d5 3. exd5 Nf6 4.
Bb5+ Nbd7 5. Nf3 Nxd5 6. d4 e6 7. O-O a6 8. Be2 cxd4 9. Nxd4 Bc5 10. Bf3 O-O 11. Re1 Qf6 12. Nb3 Ba7 13. N1d2 Ne5 14. Qe2 Bb8 15. Ne4 Nxf3+ 16. Qxf3 Qe5 17. Qg3 Qf5 18. Qh4 b6 19. Nd4 Qg6 20. Qg5 Qxg5 21. Bxg5 h6 22. Bh4 Bb7 23. Bg3 Nf4 24. Rad1 Nxg2 25.
Kxg2 f5 26. Bxb8 Raxb8 27. Nxe6 Rfe8 28. Rd6 Bxe4+ 29. Kg3 Re7 30. f3 Rbe8 31. Nd4 Bd3 32.
Rxe7 Rxe7 33. Nc6 f4+ 34. Kxf4 Rf7+ 35. Ke3 Bb5 36. Ne5 Re7 37. f4 g5 38. Rxb6 gxf4+ 39.
Kxf4 Kg7 40. c4 Be8 41. c5 a5 42. c6 Rc7 43. Rb7 1-0

[Event "Late-Titled-Tuesday-Blitz-January-30-2024"]
[Site "Chess.com"]
[Date "2024.01.30"]
[Round "9"]
[White "RianKapriaga"]
[Black "jmpion"]
[Result "0-1"]
[WhiteElo "2353"]
[BlackElo "2517"]
[TimeControl "180+1"]
[EndTime "15:43:46 PST"]
[Termination "jmpion won on time"]

1. d4 Nf6 2. Nf3 d5 3. Bf4 Bf5 4. e3 e6 5. Nbd2 Bd6 6. Ne5 Nbd7 7. Be2 Ne4 8. g4 Bg6 9. h4 Bxe5 10. dxe5 h6 11. h5 Bh7 12. Nxe4 Bxe4 13. f3 Bh7 14. Qd2 Qe7 15. O-O-O O-O-O 16. Kb1 Qc5 17. Rc1 Nb6 18. Qd4 Qe7 19. Bd3 c5 20. Qc3 Kb8 21. Rcg1 Bxd3 22. cxd3 d4 23. exd4 Rxd4 24. Bc1 Qc7 25. f4 Rhd8 26. Rh3 Nd5 27. Qb3 Nxf4 28. Rf3 Nxd3 29. Be3 Rb4 30. Qc2 Rxb2+ 31. Qxb2 Nxb2 32.
Kxb2 Qxe5+ 33. Kc2 Qe4+ 0-1

[Event "Late-Titled-Tuesday-Blitz-January-30-2024"]
[Site "Chess.com"]
[Date "2024.01.30"]
[Round "9"]
[White "finec2"]
[Black "rose107"]
[Result "1-0"]
[WhiteElo "2204"]
[BlackElo "2107"]
[TimeControl "180+1"]
[EndTime "15:43:47 PST"]
[Termination "finec2 won on time"]

1. d4 d5 2. Bf4 Nf6 3. e3 e6 4. Nd2 Bd6 5. Bg3 Bxg3 6. hxg3 b6 7. Bd3 Ba6 8. Bxa6 Nxa6 9. Qe2 Nb8 10. f4 c5 11. c3 Nc6 12. Ngf3 Qc7 13. Ne5 Nd7 14.
Qh5 Ndxe5 15. fxe5 cxd4 16. exd4 O-O-O 17. O-O f6 18. exf6 Qxg3 19. fxg7 Rhg8 20. Qxh7 Rxg7 21. Qh2 Qe3+ 22.
Rf2 Rf8 23. Rf1 Rgf7 24. Nf3 Rg7 25. Re1 Qd3 26. Ne5 Rxf2 27. Nxd3 1-0

[Event "Late-Titled-Tuesday-Blitz-January-30-2024"]
[Site "Chess.com"]
[Date "2024.01.30"]
[Round "9"]
[White "oskariot"]
[Black "topalovkramnik"]
[Result "0-1"]
[WhiteElo "2747"]
[BlackElo "2506"]
[TimeControl "180+1"]
[EndTime "15:43:53 PST"]
[Termination "topalovkramnik won on time"]

1. e4 c5 2. Nf3 d6 3. d4 cxd4 4.
Nxd4 Nf6 5. Nc3 a6 6. f4 e5 7. Nf3 Nc6 8. fxe5 dxe5 9. Qxd8+ Kxd8 10. Bg5 Be6 11. O-O-O+ Kc8 12. Nd5 Nd7 13. Bc4 b5 14. Bb3 Bc5 15. c3 h6 16. Bh4 g5 17.
Bg3 Re8 18. Rhf1 Kb7 19. a3 Rad8 20. Kb1 f5 21. exf5 Bxf5+ 22. Ka1 Bg4 23. h3 Bh5 24.
Rde1 Na5 25. Bc2 Nc4 26. Be4 Kc8 27. Bf5 Rf8 28. Nxe5 Rxf5 29. Rxf5 Ndxe5 30. Rexe5 Nxe5 31. Rxe5 Bd6 32. Ne7+ Kd7 0-1

[Event "Late-Titled-Tuesday-Blitz-January-30-2024"]
[Site "Chess.com"]
[Date "2024.01.30"]
[Round "9"]
[White "PNEPaul"]
[Black "Kostukov_Alex"]
[Result "0-1"]
[WhiteElo "1877"]
[BlackElo "2306"]
[TimeControl "180+1"]
[EndTime "15:43:54 PST"]
[Termination "Kostukov_Alex won on time"]

1. e4 c5 2. Nf3 g6 3. d4 cxd4 4. c3 Bg7 5. Bc4 e6 6. cxd4 d5 7. exd5 exd5 8. Be2 Ne7 9. O-O O-O 10. Nc3 Nbc6 11.
h3 h6 12. Be3 Nf5 13. Qd2 Kh7 14. Rad1 Be6 15. Bf4 Ncxd4 16. Nxd4 Nxd4 17. Bd3 Qd7 18. Bb1 Rad8 19. Ne2 Nxe2+ 20. Qxe2 d4 21. Qd2 Bf5 22. Bd3 Rfe8 23. Rfe1 Bxd3 24. Qxd3 Qd5 25. b3 Rc8 26. Bg3 a6 27. Rxe8 Rxe8 28. Rd2 Re1+ 29. Kh2 Qe4 30.
Qxe4 Rxe4 31. f3 Re7 32. Bd6 Rd7 33. Bc5 Be5+ 34. g3 g5 35. Kg2 Kg6 36. Kf2 f5 37. Rd3 h5 38. Rd2 h4 39. gxh4 gxh4 40.
a4 Rd5 41. Ba3 Bf4 0-1

[Event "Late-Titled-Tuesday-Blitz-January-30-2024"]
[Site "Chess.com"]
[Date "2024.01.30"]
[Round "9"]
[White "Nick12772"]
[Black "Noki102"]
[Result "0-1"]
[WhiteElo "2380"]
[BlackElo "2530"]
[TimeControl "180+1"]
[EndTime "15:43:55 PST"]
[Termination "Noki102 won by checkmate"]

1. Nf3 d5 2. g3 Nc6 3. d4 Bf5 4. Bg2 e6 5. O-O h5 6. h4 Nf6 7.
c4 Qd7 8. cxd5 exd5 9. Nc3 Ne4 10. Ne5 Nxe5 11. dxe5 Nxc3 12. bxc3 c6 13. c4 dxc4 14. Qa4 Bc5 15. Qxc4 Qd4 16. Qb3 Qxa1 17. Bb2 Qxf1+ 18. Kxf1 O-O-O 19. Kg1 Be6 20. Qa4 Bb6 21.
e3 Rd2 22. Bd4 Rd8 23. Bxb6 axb6 24. Qb4 Kc7 25. a4 Ra2 26. Bf3 Rdd2 27. Qe7+ Kb8 28. Qf8+ Ka7 29. Bxh5 Rxf2 30. Qxg7 Rg2+ 31. Kf1 Bc4+ 32.
Ke1 Rg1# 0-1

[Event "Late-Titled-Tuesday-Blitz-January-30-2024"]
[Site "Chess.com"]
[Date "2024.01.30"]
[Round "9"]
[White "GlavkonVVS"]
[Black "GMRafpig"]
[Result "1-0"]
[WhiteElo "2591"]
[BlackElo "2720"]
[TimeControl "180+1"]
[EndTime "15:43:58 PST"]
[Termination "GlavkonVVS won by resignation"]

1. c4 Nf6 2. Nc3 e5 3. g3 Bb4 4.
Bg2 O-O 5. Nf3 Re8 6. O-O Nc6 7. d3 Bxc3 8. bxc3 e4 9. Nd4 exd3 10. exd3 h6 11. Rb1 Nxd4 12. cxd4 d5 13. h3 c6 14. Bf4 b6 15. Be5 Be6 16. Qa4 Rc8 17. Qxa7 dxc4 18. dxc4 Bxc4 19. Rfc1 b5 20. a4 Nd5 21. g4 Re6 22. Qc5 Nb6 23. a5 Nd5 24. a6 Ra8 25. Ra1 Qb6 26. Qxb6 Nxb6 27. a7 Nd5 28.
Bb8 Re7 29. Ra6 Nb4 30. Rb6 Rexa7 31. Bxa7 Rxa7 32. Rxc4 bxc4 33. Rxb4 Ra1+ 34. Kh2 Rc1 35. Rb6 c5 36. dxc5 c3 37. Rb4 1-0

[Event "Late-Titled-Tuesday-Blitz-January-30-2024"]
[Site "Chess.com"]
[Date "2024.01.30"]
[Round "9"]
[White "Hirna2005"]
[Black "Vasily85"]
[Result "0-1"]
[WhiteElo "2293"]
[BlackElo "2496"]
[TimeControl "180+1"]
[EndTime "15:44:02 PST"]
[Termination "Vasily85 won on time"]

1. e4 c5 2. c3 d5 3. exd5 Qxd5 4. Nf3 Nf6 5. Na3 a6 6. Bc4 Qe4+ 7. Be2 Bg4 8. O-O e6 9. d3 Qd5 10. Nc4 Qd8 11. Bf4 Nc6 12. h3 Bh5 13. a4 Be7 14. a5 Nd5 15. Bh2 O-O 16. Nfe5 Nxe5 17. Nxe5 Bxe2 18.
Qxe2 Bd6 19. Rfe1 Bc7 20. Qe4 Bxa5 21. Qc4 Rc8 22. Re4 Bc7 23. Rg4 Nf6 24. Rh4 Qd5 25.
Qxd5 Nxd5 26. Nd7 Rfd8 27. Bxc7 Rxc7 28. Ne5 f6 29. Nc4 e5 30. Re4 Nf4 0-1

[Event "Late-Titled-Tuesday-Blitz-January-30-2024"]
[Site "Chess.com"]
[Date "2024.01.30"]
[Round "9"]
[White "Jospem"]
[Black "Sokoloco"]
[Result "1-0"]
[WhiteElo "3057"]
[BlackElo "2782"]
[TimeControl "180+1"]
[EndTime "15:44:04 PST"]
[Termination "Jospem won on time"]

1. e4 d6 2. d4 g6 3. c3 Bg7 4.
Bd3 e5 5. Nf3 Nc6 6. O-O Nf6 7.
h3 O-O 8. Re1 Nh5 9. Be3 h6 10.
Nbd2 Qf6 11. Bf1 Nf4 12. dxe5 dxe5 13. b4 Be6 14. b5 Na5 15. c4 b6 16. c5 Rad8 17. Qc2 g5 18. Kh2 h5 19. g3 g4 20.
hxg4 hxg4 21. Nh4 Ng6 22. Nf5 Bxf5 23. exf5 Ne7 24. Bd3 Nd5 25. Ne4 Qxf5 26. Bd2 Nf6 27. Kg1 Qd7 28. Nxf6+ Bxf6 29. Bh7+ Kg7 30. Be3 Rh8 31.
Be4 Qxb5 32. Rad1 Qc4 33. Qb1 bxc5 34. Rc1 Qb4 35. Rxc5 Qa3 36. Qc2 Nb7 37. Bxb7 Qb4 38. Qb1 Qa4 39. Bg2 1-0

[Event "Late-Titled-Tuesday-Blitz-January-30-2024"]
[Site "Chess.com"]
[Date "2024.01.30"]
[Round "9"]
[White "Hamisandwich"]
[Black "h4parah5"]
[Result "0-1"]
[WhiteElo "2730"]
[BlackElo "2918"]
[TimeControl "180+1"]
[EndTime "15:44:04 PST"]
[Termination "h4parah5 won by checkmate"]

1. c3 Nf6 2. g3 g6 3. Bg2 Bg7 4. e4 e5 5. d4 d6 6. Ne2 O-O 7. O-O Re8 8. Qc2 Nbd7 9. h3 b6 10. Be3 Bb7 11. Nd2 d5 12. dxe5 Nxe5 13. f4 Ned7 14.
e5 Nxe5 15. fxe5 Rxe5 16. Qd3 Qe7 17. Bd4 Rxe2 18. Bxf6 Bxf6 19. Rxf6 Rxg2+ 20. Kxg2 Qxf6 21. Rf1 Qe7 22. Nf3 Re8 23. Rf2 c5 24. Kh2 f6 25.
Nd2 Kg7 26. h4 Qe3 27. Qf1 d4 28. cxd4 Qxd4 29. Nb3 Qe5 30. Nc1 Re7 31. Nd3 Qd4 32.
Nf4 Re3 33. Ne2 Qe5 34. Nf4 Re1 35. Qd3 Rh1# 0-1

[Event "Late-Titled-Tuesday-Blitz-January-30-2024"]
[Site "Chess.com"]
[Date "2024.01.30"]
[Round "9"]
[White "katharinareinecke"]
[Black "GoValya"]
[Result "0-1"]
[WhiteElo "1973"]
[BlackElo "2269"]
[TimeControl "180+1"]
[EndTime "15:44:05 PST"]
[Termination "GoValya won by resignation"]

1. d4 Nf6 2. c4 d5 3. cxd5 Nxd5 4. Nf3 g6 5. g3 Bg7 6. Bg2 O-O 7. O-O Nf6 8. e3 Nbd7 9. Nh4 c6 10. f4 Nb6 11.
Nc3 Bg4 12. Qc2 Nfd5 13. h3 Bd7 14. Kh2 Rc8 15. a3 f5 16. Nf3 Nxc3 17. bxc3 Be6 18. Ne5 Bxe5 19. fxe5 Bd5 20. Bb2 Nc4 21. Bc1 e6 22. a4 c5 23. Re1 Qd7 24. Ba3 b6 25. e4 fxe4 26. Bxe4 Bxe4 27. Rxe4 Rf5 28. dxc5 Nxe5 29.
cxb6 axb6 30. Rd1 Qf7 31. Re2 Rf3 32. Rdd2 Rcxc3 33. Qxc3 Rxc3 34. Rxe5 Rxa3 35. Rde2 Qf3 36. Rxe6 Qxg3+ 37. Kh1 Ra1+ 38. Re1 Rxe1+ 39. Rxe1 Qxe1+ 40.
Kg2 Qe2+ 0-1

[Event "Late-Titled-Tuesday-Blitz-January-30-2024"]
[Site "Chess.com"]
[Date "2024.01.30"]
[Round "9"]
[White "TheMagician"]
[Black "Slovineanu"]
[Result "1-0"]
[WhiteElo "2242"]
[BlackElo "2441"]
[TimeControl "180+1"]
[EndTime "15:44:07 PST"]
[Termination "TheMagician won on time"]

1. d4 Nf6 2. Bg5 Ne4 3. Bf4 d5 4.
Nd2 Bf5 5. Nxe4 Bxe4 6. e3 e6 7. f3 Bg6 8. Bd3 Bd6 9. Ne2 O-O 10. O-O c5 11. Bxd6 Qxd6 12. c3 Nd7 13. Bxg6 hxg6 14. a4 e5 15. a5 Rfe8 16. Qd2 exd4 17. exd4 Re7 18. dxc5 Qxc5+ 19. Nd4 Rae8 20. b4 Qc4 21. Rfe1 Ne5 22. Re3 Nc6 23. Rxe7 Rxe7 24. Nxc6 bxc6 25. Qd4 Re2 26. Qxc4 dxc4 27. Rd1 Rc2 28. Rd8+ Kh7 29.
Rd6 Rxc3 30. Rxc6 Rc1+ 31. Kf2 c3 32. Kg3 c2 33. h4 f5 34. Rc8 a6 35. Kf4 1-0

[Event "Late-Titled-Tuesday-Blitz-January-30-2024"]
[Site "Chess.com"]
[Date "2024.01.30"]
[Round "9"]
[White "brm72"]
[Black "jcibarra"]
[Result "0-1"]
[WhiteElo "2694"]
[BlackElo "2878"]
[TimeControl "180+1"]
[EndTime "15:44:12 PST"]
[Termination "jcibarra won by resignation"]

1. e4 c5 2. Nf3 e6 3. d4 cxd4 4. Nxd4 Bc5 5. Be3 Qb6 6. c3 Nc6 7. Na3 d5 8. exd5 exd5 9. Be2 Nf6 10. O-O O-O 11. Rb1 Bxa3 12. bxa3 Qc7 13. Nb5 Qe7 14. Bf4 Bf5 15. Bd6 Qe4 16. Bxf8 Qxb1 17. Qd2 Qe4 18. Nd6 Qc2 19. Qxc2 Bxc2 20. Nxb7 Kxf8 21. Bb5 Ne5 22. Re1 Rb8 23. Nd6 Rb6 24. Rxe5 Rxd6 25. g4 Re6 26. Rxe6 fxe6 27. f3 Ke7 28. Kf2 Kd6 29.
Ke3 Kc5 30. Be2 Bb1 31. h4 Bxa2 32. g5 Nd7 33. f4 Bc4 34. Bg4 Kd6 35. Kd4 Nb8 36. Bd1 Nc6+ 37. Ke3 e5 38. f5 d4+ 39. cxd4 exd4+ 40. Ke4 Bd5+ 41. Kd3 Ke5 42. Bg4 Be4+ 43. Kd2 Bxf5 44. Bf3 Na5 0-1

[Event "Late-Titled-Tuesday-Blitz-January-30-2024"]
[Site "Chess.com"]
[Date "2024.01.30"]
[Round "9"]
[White "aghasiyevkamal"]
[Black "KaydenTroffChess"]
[Result "1-0"]
[WhiteElo "2677"]
[BlackElo "2845"]
[TimeControl "180+1"]
[EndTime "15:44:12 PST"]
[Termination "aghasiyevkamal won on time"]

1. d4 Nf6 2. c4 g6 3. Nc3 d5 4. cxd5 Nxd5 5. e4 Nxc3 6. bxc3 Bg7 7. Nf3 c5 8. Be3 Qa5 9. Qd2 O-O 10. Rb1 a6 11.
Rc1 Bg4 12. Be2 Bxf3 13. Bxf3 cxd4 14. cxd4 Qxd2+ 15. Kxd2 Nc6 16. d5 Rfd8 17. Rhd1 Ne5 18. Rc7 e6 19. Ke2 exd5 20. Rxd5 b5 21. Bf4 Nc4 22. Ra7 Re8 23. Rdd7 Rxa7 24. Rxa7 a5 25. Kf1 Be5 26. Bh6 Bg7 27. Bf4 h6 28.
h4 h5 29. g3 Be5 30. Bg5 b4 31. Bd1 Bd4 32. Rc7 Nd6 33. f3 Nb5 34. Rd7 Bc5 35.
Bb3 Nd6 36. Bf4 1-0

[Event "Late-Titled-Tuesday-Blitz-January-30-2024"]
[Site "Chess.com"]
[Date "2024.01.30"]
[Round "9"]
[White "AndreyNeves"]
[Black "RebecaJimnz"]
[Result "1-0"]
[WhiteElo "2098"]
[BlackElo "2281"]
[TimeControl "180+1"]
[EndTime "15:44:12 PST"]
[Termination "AndreyNeves won by resignation"]

1. d4 d5 2. c4 c6 3. Nf3 Nf6 4. Nc3 e6 5. Bg5 Be7 6. e3 Nbd7 7. Rc1 dxc4 8. Bxc4 b5 9. Bd3 Bb7 10. O-O a6 11. e4 O-O 12. e5 Ne8 13. Bxe7 Qxe7 14.
Ne4 h6 15. Re1 Nb6 16. Bb1 Rd8 17. Qc2 g6 18. Nc5 Bc8 19. h4 h5 20. Rcd1 Ng7 21.
Ne4 Bb7 22. Nf6+ Kh8 23. Qc1 Nf5 24. Bxf5 Kg7 25. Be4 Nd5 26. Bxd5 cxd5 27. Qg5 Rh8 28. Nxh5+ Kf8 29. Qxe7+ Kxe7 30. Nf6 Rc8 31. Rc1 a5 32. a3 b4 33. axb4 axb4 34. Rc5 Rxc5 35. dxc5 Rd8 36. Nd4 Ra8 37. c6 Bc8 38. Re3 Ra2 39. Rb3 Ra1+ 40. Kh2 Re1 41. f4 Ba6 42. Rxb4 Rd1 43. Rb7+ Kf8 44.
Rb8+ Kg7 45. Rg8+ Kh6 46. g4 Rd2+ 47. Kg3 Rd3+ 48. Nf3 1-0

[Event "Late-Titled-Tuesday-Blitz-January-30-2024"]
[Site "Chess.com"]
[Date "2024.01.30"]
[Round "9"]
[White "yaguigor"]
[Black "AlexeiShirov"]
[Result "1-0"]
[WhiteElo "2640"]
[BlackElo "2761"]
[TimeControl "180+1"]
[EndTime "15:44:14 PST"]
[Termination "yaguigor won by resignation"]

1. Nf3 d5 2. d4 Nf6 3. c4 c6 4.
Nc3 e6 5. e3 Nbd7 6. Qc2 Bd6 7.
b3 O-O 8. Be2 e5 9. cxd5 cxd5 10. Nb5 Bb4+ 11. Bd2 Bxd2+ 12. Nxd2 e4 13. Qc7 a6 14.
Qxd8 Rxd8 15. Nd6 Nf8 16. Nxc8 Raxc8 17. Kd1 h5 18. h3 h4 19. Rc1 g5 20. b4 Rxc1+ 21.
Kxc1 Rd6 22. Nb3 Ne8 23. Kb2 Rf6 24. f3 Nd6 25. Rc1 exf3 26. Bxf3 Nc4+ 27. Kc3 Nxe3 28. Kd3 Re6 29. Nc5 Re7 30. Re1 Nf5 31. Rxe7 Nxe7 32. Nxb7 Ne6 33. Nc5 Nc6 34. a3 Ncxd4 35. Bxd5 Nxc5+ 36. Kxd4 Nd7 37. Bb7 Kf8 38. Bxa6 Ke7 39. a4 Kd6 40. a5 g4 41. hxg4 Ne5 42. Bb7 Nxg4 43. b5 Ne5 44. a6 1-0

[Event "Late-Titled-Tuesday-Blitz-January-30-2024"]
[Site "Chess.com"]
[Date "2024.01.30"]
[Round "9"]
[White "Chempiblinka"]
[Black "nindjaxx8"]
[Result "0-1"]
[WhiteElo "2325"]
[BlackElo "2581"]
[TimeControl "180+1"]
[EndTime "15:44:14 PST"]
[Termination "nindjaxx8 won by checkmate"]

1. Nf3 d5 2. g3 Nf6 3. Bg2 Bf5 4. c4 e6 5. O-O c6 6. cxd5 exd5 7. d3 Nbd7 8. Nc3 Be7 9. e4 dxe4 10. dxe4 Nxe4 11. Nxe4 Bxe4 12. Re1 Nf6 13. Qb3 O-O 14. Qxb7 Bc5 15. Bg5 Rb8 16. Qa6 Rxb2 17. Rxe4 Rxf2 18.
Kh1 h6 19. Bxf6 Qxf6 20. Rae1 Rxf3 21. Re8 Rxe8 22. Rxe8+ Kh7 23. Qe2 Rf2 24. Qe4+ g6 25.
Qe1 Rxa2 26. Re2 Ra1 27. h4 Rxe1+ 28. Rxe1 Qf2 29. Rf1 Qxg3 30. Bxc6 Qxh4+ 31. Kg2 Qg4+ 32. Kh1 Qh3# 0-1

[Event "Late-Titled-Tuesday-Blitz-January-30-2024"]
[Site "Chess.com"]
[Date "2024.01.30"]
[Round "9"]
[White "karinachess1"]
[Black "Fernando_Offermann"]
[Result "1/2-1/2"]
[WhiteElo "2608"]
[BlackElo "2480"]
[TimeControl "180+1"]
[EndTime "15:44:15 PST"]
[Termination "Game drawn by agreement"]

1. d4 Nf6 2. c4 g6 3. Nc3 Bg7 4.
g3 O-O 5. Bg2 d6 6. Nf3 Nbd7 7.
O-O e5 8. e4 c6 9. h3 a5 10.
Be3 a4 11. Qc2 Qa5 12. Rad1 Re8 13. Rfe1 Qb4 14. b3 exd4 15. Nxd4 axb3 16. axb3 Nc5 17. Rb1 Nfd7 18. Red1 h5 19. Nde2 h4 20. g4 Ne6 21.
f4 g5 22. f5 Nec5 23. Bxg5 Ra3 24. Bxh4 Rxb3 25. Rxb3 Qxb3 26. Qxb3 Nxb3 27. Rxd6 Ne5 28. Rd8 Rxd8 29. Bxd8 Nxc4 30. Be7 Be5 31. Kf2 b5 32. g5 Nbd2 33. h4 f6 34. Bxf6 Bxf6 35. gxf6 b4 36.
Na4 Ba6 37. Nd4 b3 38. Kg3 c5 39. Nxb3 Nxb3 40. Kf4 Nd4 41. Nxc5 Bb5 42. e5 Ne2+ 43. Ke4 Ng3+ 44. Kd5 Ne3+ 45. Ke6 Nexf5 46. Bd5 Kf8 47. h5 Nd4+ 48. Kd6 Nxh5 49. e6 Nxf6 50. e7+ Ke8 51. Ne6 Nf5+ 52. Ke5 Nxe7 53. Nc7+ Kd7 54. Nxb5 Nexd5 55. Nd4 1/2-1/2

[Event "Late-Titled-Tuesday-Blitz-January-30-2024"]
[Site "Chess.com"]
[Date "2024.01.30"]
[Round "9"]
[White "yobdc"]
[Black "Eloist"]
[Result "1-0"]
[WhiteElo "2582"]
[BlackElo "2434"]
[TimeControl "180+1"]
[EndTime "15:44:16 PST"]
[Termination "yobdc won on time"]

1. e4 e6 2. d4 d5 3. exd5 exd5 4. Nf3 Bf5 5. Be2 Bd6 6. O-O Ne7 7. c4 dxc4 8. Nc3 O-O 9. Bxc4 Nbc6 10. h3 Qd7 11.
Re1 Rad8 12. Bg5 h6 13. Bh4 Rde8 14. Ne5 Bxe5 15. dxe5 Qxd1 16. Raxd1 Ng6 17. Bg3 Ncxe5 18. Bb3 c6 19. Ne4 Nd3 20. Rxd3 Rxe4 21. Rxe4 Bxe4 22. Rd7 Bd5 23. Bxd5 cxd5 24. Rxb7 Rd8 25. Rxa7 f5 26.
Bc7 Rd7 27. Bb6 Rd6 28. Bd4 Nf4 29. Rxg7+ Kf8 30. Bc5 Kxg7 31. Bxd6 Nd3 32. Kf1 Kf6 33.
b4 Ke6 34. Bc5 Kd7 35. Ke2 Nf4+ 36. Kf3 Ne6 37. Ke3 Kc6 38. Bd4 Kb5 39. a3 Ka4 40. g3 Kxa3 41. b5 Kb4 42. b6 Nd8 43. Bf6 1-0